 Dungeon Crawl Stone Soup version 0.18.1-48-g4cf74bf (webtiles) character file.

229473 nikopol the Impaler (level 18, -2/167 HPs)
             Began as a Minotaur Berserker on June 25, 2016.
             Was the Champion of Trog.
             Slain by a merfolk impaler
             ... wielding a +0 trident
              (13 damage)
             ... on level 4 of the Shoals on June 26, 2016.
             The game lasted 02:33:14 (38907 turns).

nikopol the Impaler (Minotaur Berserker)           Turns: 38907, Time: 02:33:15

Health: -2/167     AC: 44    Str: 31    XL:     18   Next: 73%
Magic:  17/17      EV: 15    Int:  4    God:    Trog [******]
Gold:   2783       SH:  0    Dex: 16    Spells: 0 memorised, 17 levels left

rFire  + . .     SeeInvis .     x - +2 glaive (chop)
rCold  + . .     Gourm    .     y - +9 armour of the Dragon King {rPois rF+ rC+ MR+}
rNeg   . . .     Faith    .     (shield currently unavailable)
rPois  +         Spirit   .     O - +2 hat
rElec  +         Dismiss  .     z - +1 cloak
rCorr  .         Reflect  .     p - +5 pair of gloves of Rufruly {+Inv Regen+ Str+2}
SustAt .         Harm     .     C - +1 pair of boots
MR     ++...                    (no amulet)
Stlth  ..........               K - +5 ring of strength
                                g - ring of flight

@: engulfed (cannot breathe), mesmerised, very resistant to hostile
enchantments, extremely unstealthy
A: retaliatory headbutt, horns 2, poison resistance, electricity resistance
a: Berserk, Trog's Hand, Brothers in Arms, Burn Spellbooks, Renounce Religion,
Evoke Invisibility, Evoke Flight
}: 1/15 runes: gossamer


You were on level 4 of the Shoals.
You worshipped Trog.
Trog was exalted by your worship.
You were not hungry.

You visited 5 branches of the dungeon, and saw 33 of its levels.
You visited the Abyss 1 time.
You also visited: Bailey and Ice Cave.

You collected 3109 gold pieces.
You spent 326 gold pieces at shops.

Inventory:

Hand Weapons
 c - a +3 longbow of flaming
 m - a +3 antimagic demon trident
 x - a +2 glaive of chopping (weapon)
 X - the +6 spear "Impslayer" {pierce, +Inv rElec Int+2}
   (You found it on level 3 of the Shoals)

   It inflicts extra damage upon your enemies.
   It affects your intelligence (+2).
   It insulates you from electricity.
   It lets you turn invisible.
Missiles
 D - 778 arrows (quivered)
Armour
 p - the +5 pair of gloves of Rufruly (worn) {+Inv Regen+ Str+2}
   (You acquired it on level 15 of the Dungeon)

   It affects your strength (+2).
   It lets you turn invisible.
   It increases your rate of regeneration.
 y - the +9 armour of the Dragon King (worn) {rPois rF+ rC+ MR+}
   (You found it on level 5 of the Dungeon)

   It protects you from fire.
   It protects you from cold.
   It protects you from poison.
   It affects your resistance to hostile enchantments.
 z - a +1 cloak (worn)
 C - a +1 pair of boots (worn)
 O - a +2 hat (worn)
Jewellery
 f - a +4 ring of strength
 g - a ring of flight (left hand)
 K - a +5 ring of strength (right hand)
 R - an uncursed ring of sustain attributes
 W - an uncursed ring of see invisible
Wands
 a - a wand of lightning (10/15)
 i - a wand of digging (24/24)
 J - a wand of disintegration (20/24)
 Z - a wand of teleportation (9/9)
Scrolls
 d - 9 scrolls of remove curse
 e - 14 scrolls of identify
 l - 4 scrolls of fear
 q - 2 scrolls of recharging
 v - 5 scrolls of magic mapping
 G - 7 scrolls of teleportation
 I - a scroll of brand weapon
 L - 10 scrolls of fog
 M - a scroll of blinking
 T - 2 scrolls of enchant armour
 U - a scroll of holy word
Potions
 j - 2 potions of brilliance
 o - 3 potions of invisibility
 r - 5 potions of haste
 s - 3 potions of cure mutation
 t - 5 potions of flight
 u - 5 potions of resistance
 w - 7 potions of magic
 A - 12 potions of curing
 B - a potion of cancellation
 E - 7 potions of might
 F - 8 potions of ambrosia
 N - 6 potions of heal wounds
 P - 3 potions of agility
Miscellaneous
 b - a fan of gales
Comestibles
 h - 6 slices of pizza
 k - 19 meat rations
 n - 48 fruits
 Q - 15 bread rations
 S - 4 beef jerkies


   Skills:
 + Level 16.3 Fighting
 - Level 20.1 Polearms
 * Level 17.9 Bows
 + Level 16.5 Armour
 + Level 15.3 Dodging


You had 17 spell levels left.
You didn't know any spells.

Dungeon Overview and Level Annotations

Branches:
Dungeon (15/15)            Temple (0/1) D:7            Lair (8/8) D:10
 Shoals (4/4) Lair:5       Spider (4/4) Lair:6        Slime (0/6) Lair:6
    Orc (2/2) D:9             Elf (0/3) Orc:2        Vaults (0/5) D:13
 Depths (0/5) D:15

Altars:
Cheibriados
Elyvilon
Fedhas
Gozag
Pakellas
Qazlal
Trog
Xom
Yredelemnul
Zin
The Shining One
Beogh

Shops:
D:4 }   D:10 :!   D:12 *   Orc:2 }:!%

Annotations:
Shoals:4 Ilsuiw
Orc:2 Sonja


Innate Abilities, Weirdness & Mutations

You reflexively headbutt those who attack you in melee.
You have a pair of horns on your head.
Your system is resistant to poisons.
You are resistant to electric shocks.


Message History

Drink which item? (? for menu, Esc to quit)
You feel much better.
* * * LOW HITPOINT WARNING * * *
Your lungs strain for air!
The water elemental closely misses you. You furiously retaliate!
You headbutt the water elemental, but do no damage.
The water elemental hits you.
The merfolk impaler hits you but does no damage.
The water elemental hits you.
The merfolk impaler hits you but does no damage.
The siren chants its luring song.
Ilsuiw hits you but does no damage.
The merfolk hits you but does no damage.
Eat which item? (? for menu, Esc to quit)
* * * LOW HITPOINT WARNING * * *
Your lungs strain for air!
The merfolk hits you from afar with a glaive.
* * * LOW HITPOINT WARNING * * *
The merfolk impaler hits you from afar with a trident!
You die...

≈≈≈≈≈≈≈≈≈##
≈≈≈≈≈≈≈≈≈≈.# #.
≈≈≈≈≈≈≈≈≈≈.≈# ≈..
≈≈≈≈≈≈≈≈≈≈..≈ #.#.
#.≈≈≈≈≈≈....##m..≈
#≈≈≈≈(.....mm#.≈#
#.≈≈≈..$.)mm(.##
#..≈≈....@Em...#.
##.≈≈≈...E(E......
#(.(((..m(........
#.≈≈≈.(...........
#.≈≈≈.≈≈..?...!...
.≈≈≈≈()..........≈
≈≈≈≈≈≈.....[....≈≈
≈≈≈≈≈≈....%....≈≈≈
≈≈≈≈≈#####....≈≈≈≈


You could see Ilsuiw, 2 merfolk impalers, 3 merfolk, 3 water elementals and a
siren.

Vanquished Creatures
  Nikola (Spider:1)
  A profane servitor (Abyss:3)
  Frances (D:13)
  Kirke (Spider:2)
  A tentacled starspawn (Abyss:3)
  Polyphemus (Shoals:3)
  Agnes (Spider:2)
  A daeva (Abyss:3)
  Roxanne (Spider:1)
  Maud (D:13)
  4 emperor scorpions
  An orc warlord (Orc:2)
  A cacodemon (Abyss:3)
  7 ghost moths
  Louise (Spider:1)
  The ghost of Reyan the Fighter, a journeyman DrMo (D:14)
  A starcursed mass (Abyss:3)
  Azrael (Spider:2)
  2 spark wasps (Spider:4)
  A dire elephant (Lair:8)
  2 merfolk javelineers (Shoals:4)
  The ghost of Malvoorn the Spear-Bearer, a journeyman MfSk of Okawaru (IceCv)
  5 vault guards (D:13)
  2 entropy weavers
  Harold (D:12)
  3 catoblepae
  10 hydras
  2 merfolk avatars (Shoals:3)
  An anaconda (shapeshifter) (D:15)
  A satyr (Shoals:2)
  An alligator snapping turtle (Shoals:2)
  2 merfolk aquamancers
  6 centaur warriors
  The ghost of DankDingDong the Covert, a journeyman OpAr of Pakellas (Lair:1)
  The ghost of Aquadorian the Basher, a novice DrBe of Trog (Lair:1)
  A deep troll shaman (Lair:8)
  An ogre mage (D:13)
  A tengu warrior (D:13)
  6 death yaks
  5 orc high priests (Orc:2)
  2 unseen horrors
  6 sea snakes
  A large abomination (Abyss:3)
  A swamp dragon (shapeshifter) (D:15)
  A giant orange brain (D:15)
  2 hill giants (D:13)
  A deep elf archer (D:13)
  Psyche (D:9)
  4 harpies (Shoals:3)
  Pikel (D:9)
  A wolf spider zombie (D:12)
  7 orc knights
  A necromancer (Lair:6)
  24 wolf spiders
  5 cyclopes
  22 orb spiders
  4 orc sorcerers (Orc:2)
  3 deep elf magi
  5 griffons
  14 ugly things
  10 hornets
  8 fauns
  5 sirens
  5 moths of wrath
  30 elephants
  3 ice statues (IceCv)
  A sixfirhy (Abyss:3)
  A manticore (Shoals:3)
  5 water nymphs
  Maurice (Orc:2)
  An octopode (shapeshifter) (D:15)
  4 black mambas
  Joseph (D:9)
  2 orange demons (Abyss:3)
  A smoke demon (Abyss:3)
  2 gargoyles
  16 spiny frogs
  2 rime drakes
  A rime drake (shapeshifter) (D:15)
  9 komodo dragons
  2 kobold demonologists (D:12)
  3 efreet
  A yaktaur (D:13)
  12 demonic crawlers
  2 tengu conjurers (D:13)
  A polar bear (Lair:8)
  10 merfolk
  40 jumping spiders
  8 trolls
  A queen bee (shapeshifter) (D:15)
  A hornet zombie (D:14)
  2 wind drakes
  8 two-headed ogres
  38 blink frogs
  4 boulder beetles
  18 slime creatures
  7 snapping turtles
  99 redbacks
  2 shadows (D:13)
  A spriggan (Lair:7)
  A tarantella (shapeshifter) (D:13)
  3 wyverns
  36 tarantellas
  Sigmund (D:6)
  3 ynoxinuls (Abyss:3)
  A vampire (D:11)
  4 fire elementals (Spider:2)
  7 wraiths
  A hog (Spider:2)
  6 water elementals
  75 yaks
  A chaos spawn (Abyss:3)
  2 hungry ghosts
  3 basilisks
  15 hippogriffs
  5 wargs
  4 vampire mosquitoes (D:13)
  The ghost of grulito the Sneak, an amateur HaAs (D:3)
  Edmund (D:5)
  16 water moccasins
  4 hell hounds
  7 ice beasts
  10 porcupines
  A black bear (D:6)
  A slave (D:9)
  2 wasps
  2 phantoms
  4 sky beasts
  41 orc warriors
  18 ogres
  17 centaurs
  19 wolves
  13 crocodiles
  7 big kobolds
  A gnoll sergeant (Orc:2)
  14 giant frogs
  A small abomination (Abyss:3)
  3 scorpions
  4 wights
  2 howler monkeys
  2 electric eels
  A lava snake (Lair:4)
  6 crimson imps
  A giant frog zombie (D:12)
  8 giant frog skeletons
  12 hounds
  2 centaur zombies
  34 orc priests
  8 jellies
  4 centaur skeletons
  Ijyb (D:2)
  14 iguanas
  23 orc wizards
  3 polar bear simulacra (Lair:6)
  9 worker ants
  5 yak simulacra (Lair:6)
  26 sheep
  2 wolf simulacra (Lair:6)
  A giant frog simulacrum (D:13)
  A hound skeleton (D:7)
  17 gnolls
  17 adders
  113 river rats
  5 shadow imps
  6 oozes
  An adder skeleton (D:7)
  3 worms (D:2)
  3 giant geckos
  106 orcs
  4 bats
  3 giant cockroaches
  17 goblins
  20 hobgoblins
  7 jackals
  5 quokkas
  A giant cockroach zombie (D:6)
  A giant gecko skeleton (D:7)
  A giant gecko zombie (D:3)
  A giant newt (D:4)
  41 kobolds
  6 rats
  A river rat simulacrum (Lair:6)
  A spectral orc (D:4)
  A fire vortex (Lair:4)
  4 fungi
  A plant (Lair:5)
1463 creatures vanquished.

Vanquished Creatures (others)
  Josephine (Spider:1)
  A komodo dragon (Lair:8)
  2 humans (Spider:2)
  A spatial vortex (Abyss:3)
  An orc warrior (D:6)
  2 slaves (D:9)
  A hound (D:6)
  An orc priest (Orc:2)
  An adder (D:9)
  2 river rats (Lair:4)
  A giant gecko (D:6)
  A kobold (D:9)
  6 fungi
  18 plants
  2 starspawn tentacles (Abyss:3)
  10 starspawn tentacle segments (Abyss:3)
51 creatures vanquished.

Grand Total: 1514 creatures vanquished

Notes
Turn   | Place    | Note
--------------------------------------------------------------
     0 | D:1      | nikopol the Minotaur Berserker began the quest for the Orb.
     0 | D:1      | Reached XP level 1. HP: 19/19 MP: 0/0
   275 | D:1      | Reached XP level 2. HP: 19/27 MP: 1/1
   720 | D:1      | Reached skill level 4 in Polearms
   865 | D:2      | Reached XP level 3. HP: 33/33 MP: 2/2
   907 | D:2      | Reached ** piety under Trog
  1077 | D:2      | Found a bloodstained altar of Trog.
  1177 | D:2      | Found a white marble altar of Elyvilon.
  1394 | D:2      | Noticed Ijyb
  1417 | D:2      | Killed Ijyb
  1417 | D:2      | Reached XP level 4. HP: 26/41 MP: 3/3
  1565 | D:3      | Noticed grulito's ghost (amateur HaAs)
  1573 | D:3      | Killed grulito's ghost
  1573 | D:3      | Reached skill level 5 in Fighting
  1573 | D:3      | Reached skill level 5 in Polearms
  1573 | D:3      | Reached XP level 5. HP: 48/48 MP: 4/4
  1822 | D:3      | Reached *** piety under Trog
  2041 | D:3      | Found a glowing silver altar of Zin.
  2086 | D:3      | Reached XP level 6. HP: 53/56 MP: 5/5
  2407 | D:4      | Found Rofaozul's Gadget Shop.
  2929 | D:4      | Reached skill level 5 in Armour
  2929 | D:4      | Reached XP level 7. HP: 54/62 MP: 6/6
  3324 | D:4      | Found a basalt altar of Yredelemnul.
  3380 | D:4      | Reached skill level 6 in Polearms
  3392 | D:5      | Entered Level 5 of the Dungeon
  3779 | D:5      | Reached skill level 5 in Dodging
  3956 | D:5      | Noticed Edmund
  3963 | D:5      | Killed Edmund
  4179 | D:6      | Noticed Sigmund
  4187 | D:6      | Killed Sigmund
  4187 | D:6      | Reached XP level 8. HP: 71/71 MP: 7/7
  4188 | D:6      | Found a shimmering altar of Xom.
  4195 | D:6      | Reached skill level 7 in Polearms
  4201 | D:6      | Reached **** piety under Trog
  4653 | D:6      | Found a glowing golden altar of the Shining One.
  4654 | D:6      | Found a stormy altar of Qazlal.
  5139 | D:7      | You fall through a shaft for 2 floors!
  5341 | D:9      | Noticed a troll
  5355 | D:9      | Killed a troll
  5593 | D:9      | Noticed Psyche
  5648 | D:9      | Reached XP level 9. HP: 81/81 MP: 8/8
  5704 | D:9      | Found a staircase to the Orcish Mines.
  5795 | D:9      | Reached skill level 8 in Polearms
  6458 | D:7      | Found a staircase to the Ecumenical Temple.
  6849 | D:8      | Reached ***** piety under Trog
  6965 | D:8      | Found a snail-covered altar of Cheibriados.
  6965 | D:8      | Found an oddly glowing altar of Pakellas.
  7146 | D:8      | Found an opulent altar of Gozag.
  7452 | D:8      | Reached skill level 9 in Polearms
  7452 | D:8      | Reached skill level 1 in Bows
  7673 | D:9      | Noticed Joseph
  7689 | D:9      | Noticed Pikel
  7692 | D:9      | Killed Joseph
  7704 | D:9      | Killed Pikel
  7704 | D:9      | Reached XP level 10. HP: 79/90 MP: 9/9
  8483 | D:9      | Killed Psyche
  8483 | D:9      | Reached skill level 10 in Polearms
  8560 | D:10     | Entered Level 10 of the Dungeon
  8560 | D:10     | Noticed a deep elf mage
  8577 | D:10     | Killed a deep elf mage
  8646 | D:10     | Found Ydexadd's Book Emporium.
  8695 | D:10     | Received a gift from Trog
  8698 | D:10     | Found Wyekiur's Distillery.
  8704 | D:10     | Found a flagged portal.
  8722 | Bailey   | Entered a bailey
  8915 | Bailey   | Received a gift from Trog
  9072 | D:10     | Gained mutation: Your system is resistant to poisons. [potion of beneficial mutation]
  9075 | D:10     | Gained mutation: You are resistant to electric shocks. [potion of beneficial mutation]
  9131 | D:10     | Noticed an elephant
  9141 | D:10     | Reached skill level 5 in Bows
  9148 | D:10     | Killed an elephant
  9150 | D:10     | Found a staircase to the Lair.
  9722 | Lair:1   | Entered Level 1 of the Lair of Beasts
  9772 | Lair:1   | Noticed Aquadorian's ghost (novice DrBe)
  9788 | Lair:1   | Killed Aquadorian's ghost
  9788 | Lair:1   | Reached skill level 11 in Polearms
  9788 | Lair:1   | Reached XP level 11. HP: 85/99 MP: 10/10
  9965 | Lair:1   | Noticed DankDingDong's ghost (journeyman OpAr)
  9975 | Lair:1   | Killed DankDingDong's ghost
  9975 | Lair:1   | Reached skill level 10 in Armour
 10297 | Lair:1   | Noticed a six-headed hydra
 10309 | Lair:1   | Reached skill level 10 in Fighting
 10317 | Lair:1   | Killed an 11-headed hydra
 10332 | Lair:1   | Received a gift from Trog
 10549 | Lair:1   | Noticed a seven-headed hydra
 10554 | Lair:1   | Killed a ten-headed hydra
 10554 | Lair:1   | Reached skill level 12 in Polearms
 11428 | Lair:2   | Received a gift from Trog
 11516 | Lair:2   | Reached XP level 12. HP: 52/107 MP: 8/11
 11829 | Lair:2   | Reached skill level 10 in Dodging
 12606 | Lair:2   | Noticed a six-headed hydra
 12626 | Lair:2   | Killed a 16-headed hydra
 13107 | Lair:3   | Noticed a five-headed hydra
 13115 | Lair:3   | Killed a seven-headed hydra
 13115 | Lair:3   | Reached skill level 13 in Polearms
 13864 | Lair:3   | Received a gift from Trog
 13876 | Lair:3   | Reached skill level 10 in Bows
 13982 | Lair:3   | Reached ****** piety under Trog
 14037 | Lair:3   | Received a gift from Trog
 14607 | Lair:4   | Noticed a seven-headed hydra
 14617 | Lair:4   | Killed a ten-headed hydra
 14883 | Lair:4   | Got a bloodstained scale mail
 14960 | Lair:4   | Reached XP level 13. HP: 116/116 MP: 12/12
 15384 | Lair:5   | Received a gift from Trog
 15388 | Lair:5   | Reached skill level 14 in Polearms
 15773 | Lair:5   | Received a gift from Trog
 15856 | Lair:5   | Found a staircase to the Shoals.
 16827 | Lair:5   | Identified the +6 scale mail "Popinuto" {rN++ MR+ Int-5 SInv} (You found it on level 4 of the Lair of Beasts)
 16827 | Lair:5   | Lost intelligence.
 17149 | Lair:6   | Found a staircase to the Slime Pits.
 17245 | Lair:6   | Received a gift from Trog
 17505 | Lair:6   | Received a gift from Trog
 17848 | Lair:6   | Received a gift from Trog
 18111 | Lair:6   | Found a hole to the Spider Nest.
 18578 | Lair:7   | Reached skill level 15 in Polearms
 18591 | Lair:7   | Reached XP level 14. HP: 101/127 MP: 13/13
 19382 | Lair:7   | Received a gift from Trog
 19744 | Lair:8   | Entered Level 8 of the Lair of Beasts
 19755 | Lair:8   | Received a gift from Trog
 19783 | Lair:8   | Found a frozen archway.
 19816 | IceCv    | Entered an ice cave
 20227 | IceCv    | Noticed Malvoorn's ghost (journeyman MfSk)
 20248 | IceCv    | Killed Malvoorn's ghost
 21407 | Lair:8   | Reached skill level 16 in Polearms
 21951 | Orc:1    | Entered Level 1 of the Orcish Mines
 21956 | Orc:1    | Received a gift from Trog
 22275 | Orc:2    | Entered Level 2 of the Orcish Mines
 22281 | Orc:2    | Received a gift from Trog
 22461 | Orc:2    | Noticed Sonja
 22576 | Orc:2    | Noticed Maurice
 22612 | Orc:2    | Found a roughly hewn altar of Beogh.
 22612 | Orc:2    | Noticed an orc warlord
 22637 | Orc:2    | Killed an orc warlord
 22671 | Orc:2    | Received a gift from Trog
 23092 | Orc:2    | Reached XP level 15. HP: 136/136 MP: 14/14
 23327 | Orc:2    | Found a staircase to the Elven Halls.
 23565 | Orc:2    | Found Dophucse's Gadget Shop.
 23667 | Orc:2    | Received a gift from Trog
 23792 | Orc:2    | Found Viedough's Book Shoppe.
 23922 | Orc:2    | Found a roughly hewn altar of Beogh.
 23940 | Orc:2    | Found Sutzoh's Food Boutique.
 24139 | Orc:2    | Found Ezisog's Distillery.
 24144 | Orc:2    | Bought a potion of might for 56 gold pieces
 24342 | Orc:2    | Killed Maurice
 25416 | D:11     | Received a gift from Trog
 25579 | D:11     | Found a blossoming altar of Fedhas.
 25902 | D:12     | Found Coigyet's Assorted Antiques.
 25930 | D:12     | Bought 2 potions of heal wounds for 270 gold pieces
 26479 | D:12     | Noticed Harold
 26491 | D:12     | Killed Harold
 26963 | D:13     | Reached skill level 17 in Polearms
 27074 | D:13     | Received a gift from Trog
 27243 | D:13     | Noticed Maud
 27259 | D:13     | Killed Maud
 27308 | D:13     | Noticed Frances
 27333 | D:13     | Killed Frances
 27583 | D:13     | Reached XP level 16. HP: 121/146 MP: 15/15
 27622 | D:13     | Found a gate to the Vaults.
 28181 | D:14     | Noticed Reyan's ghost (journeyman DrMo)
 28206 | D:14     | Killed Reyan's ghost
 28206 | D:14     | Reached skill level 15 in Bows
 28507 | D:14     | Received a gift from Trog
 28790 | D:15     | Entered Level 15 of the Dungeon
 29167 | D:15     | Found a snail-covered altar of Cheibriados.
 29256 | D:15     | Received a gift from Trog
 29370 | D:15     | Identified a scroll of acquirement
 29374 | D:15     | Got a pair of translucent gloves
 29380 | D:15     | Identified the +5 pair of gloves of Rufruly {+Inv Regen+ Str+2} (You acquired it on level 15 of the Dungeon)
 29699 | D:15     | Received a gift from Trog
 29702 | D:15     | Reached skill level 18 in Polearms
 29773 | D:15     | Found a staircase to the Depths.
 30325 | Spider:1 | Entered Level 1 of the Spider Nest
 30379 | Spider:1 | Received a gift from Trog
 30613 | Spider:1 | Noticed Nikola
 30630 | Spider:1 | Killed Nikola
 30909 | Spider:1 | Received a gift from Trog
 31141 | Spider:1 | Received a gift from Trog
 31199 | Spider:1 | Noticed Josephine
 31209 | Spider:1 | Killed Josephine
 31315 | Spider:1 | Noticed Roxanne
 31329 | Spider:1 | Killed Roxanne
 31425 | Spider:1 | Noticed Louise
 31427 | Spider:1 | Cast into level 3 of the Abyss (Louise)
 31438 | Abyss:3  | Got a pitted great mace
 31530 | Abyss:3  | Noticed a tentacled starspawn
 31538 | Abyss:3  | Killed a tentacled starspawn
 31538 | Abyss:3  | Reached skill level 15 in Armour
 31541 | Abyss:3  | Noticed a profane servitor
 31559 | Abyss:3  | Killed a profane servitor
 31597 | Abyss:3  | Received a gift from Trog
 31623 | Abyss:3  | Reached skill level 15 in Fighting
 31623 | Abyss:3  | Reached XP level 17. HP: 113/156 MP: 16/16
 31672 | Abyss:3  | Found a corrupted altar of Lugonu.
 31713 | Spider:1 | Escaped the Abyss
 31723 | Spider:1 | Killed Louise
 32303 | Spider:2 | Noticed Kirke
 32309 | Spider:2 | Killed Kirke
 32331 | Spider:2 | Noticed Azrael
 32354 | Spider:2 | Received a gift from Trog
 32357 | Spider:2 | Killed Azrael
 32388 | Spider:2 | Identified the cursed +0 great mace "Ocuer" {crush, SInv} (You found it on level 3 of the Abyss)
 32418 | Spider:2 | Noticed Agnes
 32431 | Spider:2 | Killed Agnes
 32587 | Spider:2 | Reached skill level 19 in Polearms
 33417 | Spider:3 | Received a gift from Trog
 33710 | Spider:3 | Received a gift from Trog
 33711 | Spider:3 | Got a slimy battleaxe {god gift}
 33712 | Spider:3 | Identified the +8 battleaxe "Sudghe" {drain, rC+ MR+ Int+4 Stlth+} (Trog gifted it to you on level 3 of the Spider Nest)
 34467 | Spider:4 | Entered Level 4 of the Spider Nest
 34938 | Spider:4 | Received a gift from Trog
 35242 | Spider:4 | Reached XP level 18. HP: 155/166 MP: 17/17
 35454 | Spider:4 | Received a gift from Trog
 35539 | Spider:4 | HP: 3/166 [ghost moth (9)]
 35546 | Spider:4 | HP: 7/166 [ghost moth (6)]
 36015 | Spider:4 | Got a gossamer rune of Zot
 36462 | Spider:1 | Reached skill level 20 in Polearms
 36554 | Shoals:1 | Entered Level 1 of the Shoals
 36755 | Shoals:1 | Received a gift from Trog
 36813 | Shoals:1 | Reached skill level 15 in Dodging
 38157 | Shoals:3 | Got a coiled golden ring
 38454 | Shoals:3 | Noticed Polyphemus
 38472 | Shoals:3 | Killed Polyphemus
 38501 | Shoals:3 | Got a shimmering spear
 38548 | Shoals:3 | Identified the +6 spear "Impslayer" {pierce, +Inv rElec Int+2} (You found it on level 3 of the Shoals)
 38550 | Shoals:3 | Identified the ring of the Many Hells {Wiz Dex+2} (You found it on level 3 of the Shoals)
 38619 | Shoals:3 | Received a gift from Trog
 38873 | Shoals:4 | Entered Level 4 of the Shoals
 38877 | Shoals:4 | Noticed Ilsuiw
 38907 | Shoals:4 | Slain by a merfolk impaler

Skill      XL: |  1  2  3  4  5  6  7  8  9 10 11 12 13 14 15 16 17 18 |
---------------+-------------------------------------------------------+-----
Fighting       | 4 5 6 7 8 9 10 11 12 13 14 15 16 | 16.3
Polearms       | 4 5 6 7 9 11 12 13 15 16 17 18 19 20 | 20.1
Dodging        | 3 4 5 6 8 9 10 11 12 13 14 15 | 15.3
Armour         | 3 4 5 6 7 8 9 10 11 12 13 14 15 16 | 16.5
Bows           | 3 6 8 10 12 13 14 15 17 | 17.9

Action                   |  1- 3 |  4- 6 |  7- 9 | 10-12 | 13-15 | 16-18 || total
-------------------------+-------+-------+-------+-------+-------+-------++-------
Melee: Spear             |    97 |   150 |   313 |       |       |       ||   560
       Headbutt          |    11 |    26 |    94 |   114 |   270 |   231 ||   746
       Trident           |       |       |    43 |   137 |       |       ||   180
       Halberd           |       |       |       |   463 |  1021 |   562 ||  2046
       Glaive            |       |       |       |       |       |   346 ||   346
       Demon trident     |       |       |       |       |       |    27 ||    27
 Fire: Shortbow          |       |       |    38 |   314 |   643 |       ||   995
       Longbow           |       |       |       |       |   358 |   746 ||  1104
Invok: Berserk           |       |     1 |     4 |     7 |     6 |     4 ||    22
       Burn Spellbooks   |       |       |       |     2 |     3 |     4 ||     9
       Trog's Hand       |       |       |       |       |     1 |       ||     1
 Abil: Evoke Flight      |       |       |       |       |     1 |     2 ||     3
  Use: Scroll            |       |       |       |    26 |    13 |     9 ||    48
       Potion            |       |       |       |     2 |     1 |     3 ||     6
 Stab: Sleeping          |     1 |       |       |       |       |       ||     1
  Eat: Chunk             |     1 |     6 |    15 |    31 |    44 |    32 ||   129
       Royal jelly       |       |       |     1 |     1 |     1 |     3 ||     6
       Beef jerky        |       |       |     1 |       |       |     2 ||     3
Armor: Animal skin       |     4 |       |       |       |       |       ||     4
       Scale mail        |       |    27 |     4 |       |       |       ||    31
       Gold dragon armou |       |       |   172 |   401 |   729 |   890 ||  2192
Dodge: Dodged            |    19 |    46 |    84 |   213 |   566 |   720 ||  1648
